 Dungeon Crawl Stone Soup version 0.29.1-15-g9cfb28693d (webtiles) character file.

Game seed: 4249114879811852230

147 Heoruswealwe the Conjurer (level 5, 0/37 HPs)
             Began as a Deep Elf Conjurer on Feb 25, 2023.
             Slain by an iguana (1 damage)
             ... on level 4 of the Dungeon.
             The game lasted 00:31:23 (2470 turns).

Heoruswealwe the Conjurer (Deep Elf Conjurer)       Turns: 2470, Time: 00:31:25

Health: 0/37       AC: 22    Str:  2    XL:     5   Next: 7%
Magic:  0/13       EV:  2    Int: 25    God:
Gold:   119        SH:  0    Dex: 13    Spells: 11/14 levels left

rFire   . . .      SeeInvis .   H - +0 short sword
rCold   . . .      Faith    .   (no shield)
rNeg    . . .      Spirit   .   (body armour currently unavailable)
rPois   +          Reflect  .   (helmet currently unavailable)
rElec   .          Harm     .   (cloak currently unavailable)
rCorr   .          Rampage  .   (gloves currently unavailable)
Will    .....      NoTele   +   (boots currently unavailable)
Stlth   ++........              (no amulet)
HPRegen 0.12/turn               (no ring)
MPRegen 0.13/turn               (no ring)

@: tree-form
A: stationary, stasis, torment immunity, boosted hp, (cold resistance 1), frail
1, low MP 1, weak 1
a: no special abilities


You were on level 4 of the Dungeon.
You were a tree.
You visited 1 branch of the dungeon, and saw 5 of its levels.

You collected 119 gold pieces.

Inventory:

Hand Weapons
 e - a +0 dagger
 f - a +0 hand axe
 g - a +0 club
 h - a +0 dagger
 i - a +0 dagger
 j - a +0 club
 l - a +0 club
 m - a +0 dagger
 o - a +0 whip
 p - a +0 club
 q - a +0 dagger
 s - a +0 dagger
 t - a +0 dagger
 v - a +0 club
 C - a +0 club
 D - a +0 flail
 E - a +0 flail
 F - a +0 club
 H - a +0 short sword (weapon)
 I - a +0 whip
 K - a +4 short sword of chaos
 L - a +0 short sword
Missiles
 c - 31 stones
Armour
 a - a +0 robe
 d - a +0 ring mail
 k - a +0 chain mail
 n - a +0 leather armour
 r - a +0 leather armour
 u - a +0 robe
 w - a +0 cloak (melded)
 x - a +0 robe
 y - a +0 ring mail
 G - the +1 robe "Muixytwetu" (melded) {Dex+5}
   (You found it on level 2 of the Dungeon)

   Dex:       It affects your dexterity (+5).
 J - a +0 leather armour
 N - a +0 ring mail
Scrolls
 b - 3 scrolls of teleportation
 B - a scroll of identify
Potions
 A - a potion of brilliance
 M - a potion of might {unknown}


   Skills:
 - Level 2.4 Dodging
 - Level 2.4 Stealth
 + Level 5.4 Spellcasting
 + Level 5.8 Conjurations


You had 11 spell levels left.
You knew the following spells:

 Your Spells              Type           Power      Damage    Failure   Level
a - Magic Dart            Conj           100%       1d8       1%          1
b - Searing Ray           Conj           72%        2d7       1%          2

Your spell library contained the following spells:

 Spells                   Type           Power      Damage    Failure   Level
 Dazzling Flash           Conj/Hex       42%        N/A       7%          3
 Apportation              Tloc           12%        N/A       8%          1
 Necrotise                Necr           24%        1d5       8%          1
 Summon Small Mammal      Summ           24%        N/A       8%          1
 Portal Projectile        Hex/Tloc       12%        N/A       24%         3
 Tukima's Dance           Hex            6%         N/A       24%         3
 Fulminant Prism          Conj/Hex       10%        3d9       24%         4
 Iskenderun's Mystic Bla  Conj/Tloc      21%        2d6       24%         4
 Blade Hands              Tmut           3%         N/A       91%         5


Dungeon Overview and Level Annotations

Branches:
Dungeon (5/15)
 Temple: D:4-7

Altars:
Xom

Annotations:
D:3 Natasha


Innate Abilities, Weirdness & Mutations

You are a tree.
Your roots penetrate the ground, keeping you stationary.
You cannot be teleported.
You are immune to unholy pain and torment.
Your maximum health is greatly increased.
Your equipment is partially melded.
((Your flesh is cold resistant. (rC+)))
You are frail. (-10% HP)
Your magical capacity is low. (-10% MP)
You are weak. (Str -2)


Message History

You hit the iguana but do no damage.
The iguana is heavily wounded.
The iguana hisses menacingly.
The iguana completely misses you.
The iguana bites you but does no damage.
You barely miss the iguana.
The iguana is heavily wounded.
The iguana closely misses you.
The magic dart hits the iguana but does no damage.
The iguana is heavily wounded.
The iguana closely misses you.
You hit the iguana.
The iguana is severely wounded.
The iguana barely misses you.
You hit the iguana but do no damage.
The iguana is severely wounded.
The iguana misses you.
You hit the iguana but do no damage.
The iguana is severely wounded.
The iguana bites you!
Ouch! That really hurt!
* * * LOW HITPOINT WARNING * * *
Really quaff the potion of lignification?
You turn into a tree.
Your +0 cloak melds into your body.
The +1 robe "Muixytwetu" {Dex+5} melds into your body.
Your roots penetrate the ground.
The iguana barely misses you.
You closely miss the iguana.
The iguana is severely wounded.
The iguana bites you.
* * * LOW HITPOINT WARNING * * *
You are too injured to fight recklessly!
Casting: Magic Dart (safe; 1% risk of failure)
Confirm with . or Enter, or press ? or * to list all spells.
Aiming: Magic Dart (safe; 1% risk of failure)
Press: ? - help, Shift-Dir - straight line, f/p - iguana
Aim: an iguana (severely wounded, 100% to hit)
The magic dart hits the iguana.
The iguana is almost dead.
The iguana bites you.
You die...

.†# #).# ###.#### ..#
#..#########'#..# +##
#...............+
#.........).....#
+...............#
####'##..†###..##
..###...##...###..###..
............)...........
..........l♣............
........................
########################


You could see an iguana.

Vanquished Creatures
  7 gnolls
  3 dart slugs
  An orc (D:4)
  11 ball pythons
  3 bats
  5 endoplasms
  3 giant cockroaches
  8 goblins (D:1)
  4 hobgoblins
  10 jackals
  6 kobolds
  A quokka (D:1)
  A frilled lizard (D:1)
  4 rats
67 creatures vanquished.

Notes
Turn   | Place    | Note
-------+----------+-------------------------------------------
     0 | D:1      | Heoruswealwe the Deep Elf Conjurer began the quest for the
                  | Orb.
     0 | D:1      | Reached XP level 1. HP: 10/10 MP: 6/6
   169 | D:1      | Reached XP level 2. HP: 12/15 MP: 3/8
   326 | D:1      | Learned a level 2 spell: Searing Ray
   405 | D:1      | Reached skill level 5 in Conjurations
   405 | D:1      | Reached XP level 3. HP: 16/19 MP: 0/10
   419 | D:1      | Found a faded altar of an unknown god.
   447 | D:1      | Prayed at the altar of an unknown god.
   447 | D:1      | Became a worshipper of Xom of Chaos
   449 | D:1      | Fell from the grace of Xom
   834 | D:1      | XOM: give mutations
   834 | D:1      | Gained mutation: You are weak. (Str -2) [Xom's mischief]
   834 | D:1      | Gained mutation: Your magical capacity is low. (-10% MP)
                  | [Xom's mischief]
  1390 | D:2      | Reached XP level 4. HP: 20/24 MP: 0/11
  1551 | D:2      | Identified the +1 robe "Muixytwetu" {Dex+5}
  1613 | D:2      | Reached skill level 5 in Spellcasting
  1781 | D:2      | XOM: chaos upgrade
  2031 | D:2      | XOM: give mutations
  2031 | D:2      | Gained mutation: You are frail. (-10% HP) [Xom's mischief]
  2031 | D:2      | Gained mutation: Your flesh is cold resistant. (rC+) [Xom's
                  | mischief]
  2273 | D:3      | Noticed Natasha
  2273 | D:3      | You fall into a shaft and drop 2 floors!
  2273 | D:5      | Entered Level 5 of the Dungeon
  2312 | D:5      | XOM: torment (12/21 hp)
  2449 | D:4      | Reached XP level 5. HP: 25/25 MP: 0/13
  2469 | D:4      | HP: 1/37 [iguana (3)]
  2470 | D:4      | Slain by an iguana

Illustrated notes

Levels and vault maps discovered:
D:1:      dpeg_arrival_another_circle, layout_basic, basic_ecumenical_altar
D:2:      minmay_skewed_foursquare, layout_loops_ring,
          minmay_misc_feat_diagonals, palyth_stone_intersect
D:3:      layout_rooms, minmay_overflow_temple_star_hex, minmay_crystal_room,
          uniq_natasha
D:4:      layout_gridville
D:5:      layout_basic, minmay_temple_entry_offerings

Skill      XL: |  1  2  3  4 |
---------------+-------------+-----
Spellcasting   | 4 5 |  5.4
Conjurations   | 5 |  5.8
Dodging        | |  2.4
Stealth        | |  2.4

Action                   |  1- 3 |  4- 6 || total
-------------------------+-------+-------++-------
Melee: Dagger            |    28 |       ||    28
       Punch             |     1 |       ||     1
       Short sword       |       |     8 ||     8
 Cast: Magic Dart        |    85 |    38 ||   123
       Searing Ray       |     2 |     2 ||     4
Invok: Renounce Religion |     1 |       ||     1
  Use: Potion            |     2 |     2 ||     4
       Scroll            |     3 |     5 ||     8
Armor: Robe              |     3 |     3 ||     6
Dodge: Dodged            |    41 |    11 ||    52
